 Dungeon Crawl Stone Soup version 0.29-a0-392-g297d3b089c (webtiles) character file.

Game seed: 12093536050853969139

1248 dolemite99 the Cleaver (level 8, -1/64 HPs)
             Began as a Hill Orc Fighter on May 9, 2022.
             Was an Initiate of Hepliaklqana.
             Slain by a gnoll
             ... wielding a +0 spear
              (9 damage)
             ... on level 6 of the Dungeon.
             The game lasted 00:05:07 (6864 turns).

dolemite99 the Cleaver (Hill Orc Fighter)           Turns: 6864, Time: 00:05:08

Health: -1/64      AC:  1    Str: 21    XL:     8   Next: 50%
Magic:  8/8        EV: 10    Int:  8    God:    Hepliaklqana [......]
Gold:   211        SH:  0    Dex: 16    Spells: 7/7 levels left

rFire   . . .      SeeInvis .   b - +5 dire flail (venom)
rCold   . . .      Faith    .   (shield currently unavailable)
rNeg    . . .      Spirit   .   q - +2 ring mail {rPois}
rPois   +          Reflect  .   (no helmet)
rElec   .          Harm     .   (no cloak)
rCorr   .          Rampage  .   e - +1 pair of gloves
Will    .....                   (no boots)
Stlth   +.........              r - amulet of magic regeneration
HPRegen 0.20/turn               l - +6 ring of dexterity
MPRegen 0.51/turn               (no ring)

@: corroded
A: no striking features
a: Renounce Religion


You were on level 6 of the Dungeon.
You worshipped Hepliaklqana.
Hepliaklqana was noncommittal.
You visited 2 branches of the dungeon, and saw 7 of its levels.

You collected 211 gold pieces.

Inventory:

Hand Weapons
 a - a +0 war axe
 b - a +5 dire flail of venom (weapon)
 A - a +0 arbalest
Missiles
 j - 115 stones (quivered)
 s - 6 atropa-tipped darts
 w - 2 poisoned darts
 y - 4 boomerangs
Armour
 c - a +0 buckler
 e - a +1 pair of gloves (worn)
 q - a +2 ring mail of poison resistance (worn)
 B - a +0 scale mail
Jewellery
 l - a +6 ring of dexterity (left hand)
 r - an amulet of magic regeneration (around neck)
 z - a ring of poison resistance
Wands
 C - a wand of flame (19)
Scrolls
 d - a scroll of blinking {unknown}
 i - 2 scrolls of poison
 m - a scroll of torment {unknown}
 n - 3 scrolls of vulnerability
 u - a scroll of brand weapon
 v - a scroll of fog {unknown}
 x - a scroll of teleportation {unknown}
Potions
 f - a potion of berserk rage {unknown}
 h - a potion of lignification {unknown}
 k - a potion of curing
 o - 3 potions of flight
 p - a potion of resistance {unknown}
 t - 2 potions of magic
 D - a potion of invisibility {unknown}
 E - 2 potions of haste {unknown}


   Skills:
 - Level 3.6 Fighting
 - Level 10.4(11.6) Axes
 + Level 6.8(8.8) Maces & Flails
 - Level 3.2 Armour
 - Level 3.2 Shields


You had 7 spell levels left.
You didn't know any spells.
Your spell library contained the following spells:

 Spells                   Type           Power      Damage    Failure   Level
 Sandblast                Erth           0%         2d4       56%         1
 Slow                     Hex            0%         N/A       56%         1
 Blink                    Tloc           0%         N/A       71%         2
 Passwall                 Tmut/Erth      0%         N/A       71%         2
 Confusing Touch          Hex            0%         N/A       91%         3
 Lesser Beckoning         Tloc           0%         N/A       91%         3
 Stone Arrow              Conj/Erth      0%         3d7       91%         3
 Tukima's Dance           Hex            0%         N/A       91%         3
 Vampiric Draining        Necr           0%         2d6       91%         3
 Anguish                  Hex/Necr       0%         N/A       100%        4
 Manifold Assault         Tloc           0%         N/A       100%        5
 Enfeeble                 Hex            0%         N/A       100%        7


Dungeon Overview and Level Annotations

Branches:
Dungeon (6/15)             Temple (1/1) D:6

Altars:
Ashenzari
Cheibriados
Dithmenos
Elyvilon
Fedhas
Gozag
Hepliaklqana
Kikubaaqudgha
Makhleb
Nemelex Xobeh
Okawaru
Ru
Sif Muna
Trog
Uskayaw
Vehumet
Zin
The Shining One

Annotations:
D:4 2 transporters, Pazik's ghost, amateur DsFi


Message History

The gnoll hits you from afar with a +0 spear.
You feel much better. The gnoll hits you with a +0 whip.
The orc hits you with a +0 hand axe. The gnoll barely misses you.
The shadow imp gestures at you. Pain shoots through your body!
Okay, then.
You puncture the orc!
You kill the orc!
The gnoll hits you with a +0 whip! The gnoll closely misses you.
The shadow imp barely misses you.
You hit the gnoll.
The gnoll is almost dead.
The gnoll completely misses you.
The gnoll hits you from afar with a +0 spear!
* * * LOW HITPOINT WARNING * * *
The shadow imp barely misses you.
You barely miss the gnoll.
The gnoll is almost dead.
You feel much better. The gnoll hits you with a +0 whip!
The shadow imp gestures at you. Pain shoots through your body!
* * * LOW HITPOINT WARNING * * *
The gnoll closely misses you.
You bludgeon the gnoll!!
You kill the gnoll!
The gnoll hits you from afar with a +0 spear.
* * * LOW HITPOINT WARNING * * *
The shadow imp barely misses you.
You feel better.
The gnoll hits you from afar with a +0 spear!
* * * LOW HITPOINT WARNING * * *
The shadow imp barely misses you.
You feel better.
The gnoll hits you from afar with a +0 spear!
* * * LOW HITPOINT WARNING * * *
The shadow imp hits you but does no damage.
You feel better. The gnoll barely misses you. The shadow imp hits you.
* * * LOW HITPOINT WARNING * * *
The gnoll hits you from afar with a +0 spear!
You die...

..............#..
..............#..##
..................# . ..
##..†........>....# . ...
#............##...#.#....
..#.##........#.....#...
.######..##...##.##.....
## #.........#.....# #
##..#..#.[..@).# #
#.##..###...).# ##
#.###..###5##g# .#
###.##...##..# g..
####.#..#8...#... .....
#........>.......(o......
.........8##.............
#>................(.....o
##.......................


You could see 2 gnolls and a shadow imp.

Vanquished Creatures
  Prince Ribbit (D:5)
  Edmund (D:5)
  2 black bears
  An ogre (D:4)
  A phantom (D:4)
  2 scorpions (D:6)
  4 jellies
  An orc priest (D:6)
  An iguana (D:5)
  3 orc wizards
  Robin (D:2)
  2 gnolls
  10 adders
  2 shadow imps (D:5)
  A worm (D:2)
  3 dart slugs
  10 orcs
  4 bats
  8 endoplasms
  A giant cockroach (D:4)
  17 goblins
  11 hobgoblins
  8 kobolds
  6 quokkas
  2 ball pythons
  3 frilled lizards
  7 rats
113 creatures vanquished.

Notes
Turn   | Place    | Note
-------+----------+-------------------------------------------
     0 | D:1      | dolemite99 the Hill Orc Fighter began the quest for the
                  | Orb.
     0 | D:1      | Reached XP level 1. HP: 19/19 MP: 1/1
    75 | D:1      | Reached skill level 3 in Axes
   217 | D:1      | Reached XP level 2. HP: 22/26 MP: 2/2
   341 | D:1      | Found a faded altar of an unknown god.
   347 | D:1      | Reached skill level 4 in Axes
   460 | D:1      | Reached XP level 3. HP: 23/31 MP: 3/3
   940 | D:2      | Reached skill level 5 in Axes
  1423 | D:2      | Reached XP level 4. HP: 31/39 MP: 4/4
  1726 | D:2      | Identified the +0 chain mail of Wisiodgh {rC+}
  1784 | D:2      | Noticed Robin
  1801 | D:2      | Reached skill level 6 in Axes
  1820 | D:2      | Killed Robin
  2448 | D:2      | Reached XP level 5. HP: 45/45 MP: 5/5
  2833 | D:3      | Noticed a black bear
  2839 | D:3      | Killed a black bear
  2840 | D:3      | Reached skill level 7 in Axes
  2894 | D:3      | Reached skill level 8 in Axes
  2913 | D:3      | Reached XP level 6. HP: 51/51 MP: 6/6
  3490 | D:4      | Found a transporter.
  3493 | D:4      | Found a transporter.
  3493 | D:4      | Noticed Pazik's ghost (amateur DsFi)
  3892 | D:4      | Reached skill level 9 in Axes
  4463 | D:5      | Entered Level 5 of the Dungeon
  4567 | D:5      | Reached XP level 7. HP: 42/57 MP: 7/7
  4884 | D:5      | Noticed Edmund
  4899 | D:5      | Killed Edmund
  4900 | D:5      | Reached skill level 10 in Axes
  5175 | D:5      | Reached skill level 1 in Maces & Flails
  5538 | D:5      | Noticed Prince Ribbit
  5567 | D:5      | Killed Prince Ribbit
  5568 | D:5      | Reached XP level 8. HP: 44/64 MP: 8/8
  6128 | D:5      | Reached skill level 5 in Maces & Flails
  6695 | D:6      | Found a staircase to the Ecumenical Temple.
  6742 | Temple   | Entered the Ecumenical Temple
  6815 | Temple   | Became a worshipper of Hepliaklqana the Forgotten
  6862 | D:6      | HP: 2/64 [gnoll/+0 spear (7)]
  6864 | D:6      | Slain by a gnoll

Illustrated notes

Levels and vault maps discovered:
D:1:      dpeg_arrival_court, layout_loops_ring,
          chequers_ecumenical_altar_island, corexii_leaking_fountain,
          grunt_decor_cap
D:2:      layout_basic, uniq_robin, uniq_crazy_yiuf_cottage
D:3:      layout_basic
D:4:      layout_basic, gammafunk_ghost_mausoleum, dk_noncrumbling_2
D:5:      layout_layer_cave, minmay_misc_feat_secret_circle,
          grunt_ministairs_13, uniq_edmund, uniq_prince_ribbit1
D:6:      layout_cave_pools, temple_statues
Temple:   compressed_dpeg_triangle_lava_temple

Skill      XL: |  1  2  3  4  5  6  7  8 |
---------------+-------------------------+-----
Axes           | 3 4 5 6 8 9 10 | 10.4
Maces & Flails | 4 6 |  6.8
Fighting       | |  3.6
Armour         | |  3.2
Shields        | |  3.2

Action                   |  1- 3 |  4- 6 |  7- 9 || total
-------------------------+-------+-------+-------++-------
Melee: War axe           |    87 |   183 |    17 ||   287
       Dire flail        |       |       |    59 ||    59
Throw: Stone             |     1 |    50 |    23 ||    74
  Use: Potion            |       |     1 |     7 ||     8
       Scroll            |       |       |     8 ||     8
 Stab: Sleeping          |       |       |     1 ||     1
Armor: Scale mail        |    50 |    44 |       ||    94
       Ring mail         |       |    40 |    14 ||    54
Dodge: Dodged            |    53 |    75 |    44 ||   172
Block: Buckler           |    15 |    31 |     3 ||    49

Table legend: (Time is in decaauts)
 A = Elapsed time spent in this place.
 B = Non-inter-level travel time spent in this place.
 C = Inter-level travel time spent in this place.
 D = Time resting spent in this place.
 E = Time spent auto-exploring this place.
 F = Levels seen in this place.
 G = Mean time per level.
                   A        B        C        D        E       F      G
               +--------+--------+--------+--------+--------+-----+--------+
         Total |   6934 |   6711 |    223 |   1389 |   4121 |   7 |  990.6 |
       Dungeon |   6851 |   6636 |    215 |   1389 |   4079 |   6 | 1141.8 |
        Temple |     82 |     74 |      8 |      0 |     42 |   1 |   82.0 |
               +--------+--------+--------+--------+--------+-----+--------+

Top non-repeatable levels by time:
     D:5: 2032 daAuts
     D:2: 1629 daAuts
     D:4: 1241 daAuts
     D:1: 961 daAuts
     D:3: 702 daAuts
     D:6: 284 daAuts
  Temple: 82 daAuts
